 Dungeon Crawl Stone Soup version 0.31.0-11-ge490571c62 (webtiles) character file.

Game seed: 17377803145450685679

106 Gadfly the Insei (level 4, 0/35 (36) HPs)
             Began as a Demonspawn Monk on Feb 1, 2024.
             Killed from afar by Crazy Yiuf (4 damage)
             ... with a puff of flame
             ... on level 2 of the Dungeon.
             The game lasted 00:03:09 (2015 turns).

Gadfly the Insei (Demonspawn Monk)                  Turns: 2015, Time: 00:03:10

HP:   0/35 (36)     AC:  6    Str: 14    XL:     4   Next: 55%
MP:   4/5           EV: 13    Int: 10    God:
Gold: 135           SH:  0    Dex: 15    Spells: 3/3 levels left

rFire   + .          .
                       - Unarmed
rCold   + . .        c - orb {light}
rNeg    + . .        a - +0 robe
rPois   +            (no helmet)
rElec   +            (no cloak)
rCorr   +            f - +2 pair of gloves
SInv    .            (no boots)
Will    .....        (no amulet)
Stlth   +            d - ring of positive energy
HPRegen 0.25/turn    (no ring)
MPRegen 0.09/turn

%: no passive effects
@: resistant, hasted, glowing, lightly drained, very quick
A: rugged brown scales 1, demonic magic 1
a: no special abilities


You were on level 2 of the Dungeon.
You visited 1 branch of the dungeon, and saw 2 of its levels.

You collected 135 gold pieces.

Inventory:

Missiles
 b - 4 throwing nets (quivered)
Armour
 a - a +0 robe (worn)
 c - an orb of light (worn)
 f - a +2 pair of gloves (worn)
Jewellery
 d - a ring of positive energy (left hand)
Scrolls
 g - 2 scrolls of identify {unknown}
 h - a scroll of noise {unknown}
 i - a scroll of revelation {unknown}
Potions
 e - a potion of attraction
 j - a potion of curing {unknown}


   Skills:
 - Level 3.0 Fighting
 + Level 3.0 Dodging
 * Level 3.2 Unarmed Combat
 * Level 2.3 Invocations
 * Level 1.8 Evocations
 * Level 1.4 Shapeshifting


You had 3 spell levels left.
You didn't know any spells.
Your spell library was empty.

Dungeon Overview and Level Annotations

Branches:
Dungeon (2/15)

Altars:

Annotations:
D:2 Crazy Yiuf


Innate Abilities, Weirdness & Mutations

You are partially covered in rugged brown scales. (AC +1, +3% HP)
Spells you cast may paralyse adjacent enemies.


Message History

You are too injured to fight recklessly!
You hit Crazy Yiuf but do no damage.
Crazy Yiuf is moderately wounded.
Crazy Yiuf cries, "Peeping pontify childish!"
Crazy Yiuf misses you.
You hit Crazy Yiuf.
Crazy Yiuf is heavily wounded.
Crazy Yiuf barely misses you.
You hit Crazy Yiuf.
Crazy Yiuf is heavily wounded.
Crazy Yiuf hits you with a +2 quarterstaff of chaos.
You feel protected.
You hit Crazy Yiuf but do no damage.
Crazy Yiuf is heavily wounded.
Crazy Yiuf hits you with a +2 quarterstaff of chaos.
You barely miss Crazy Yiuf.
Crazy Yiuf is heavily wounded.
Crazy Yiuf screams, "Buddy!
Mama childish childish."
Crazy Yiuf misses you.
You hit Crazy Yiuf but do no damage.
Crazy Yiuf is heavily wounded.
You hit Crazy Yiuf but do no damage.
Crazy Yiuf is heavily wounded.
Crazy Yiuf zaps a wand.
The puff of flame hits you. You resist.
You hit Crazy Yiuf.
Crazy Yiuf is severely wounded.
Crazy Yiuf zaps a wand.
The puff of flame hits you. You resist.
* * * LOW HITPOINT WARNING * * *
You hit Crazy Yiuf.
Crazy Yiuf is severely wounded.
Crazy Yiuf misses you.
You hit Crazy Yiuf but do no damage.
Crazy Yiuf is severely wounded.
Crazy Yiuf hits you with a +2 quarterstaff of chaos.
* * * LOW HITPOINT WARNING * * *
You feel yourself speed up.
You hit Crazy Yiuf but do no damage.
Crazy Yiuf is severely wounded.
Crazy Yiuf zaps a wand.
The puff of flame hits you. You resist.
You die...

#.# #+..+#
#.##..P.⌠P..
#.# ####
♣PP.P♣
#....P.⌠⌠⌠P.
#.#######..#
♣♣PP.♣
#....PPP..P.
#.........##
♣♣.♣♣
#.....PP.PP~
###.#####.#
♣♣.♣
#.#.....÷PP.
#.##>...#
♣.♣♣
#......##...
##.##.####
♣♣.♣
###...###.##
##...#....#
♣.♣♣
##........
..........#
#@#
#.#..###.
##...####.##
#.g.#
####.#..###.
##.## #..#
#...#
#...........
#.######.#
#)..#
#.........#.
#.......>#
#####
#......#..##
########.#
#..##.###.##
#.###
#..##..#....
##>.#
#..###....##
#..# #..#
#...##.


You could see Crazy Yiuf.

Vanquished Creatures
  4 gnolls (D:2)
  An adder (D:2)
  4 dart slugs
  A ball python (D:1)
  2 bats
  6 endoplasms
  2 giant cockroaches
  10 goblins
  3 hobgoblins
  A jackal (D:2)
  7 kobolds
  2 quokkas
  A frilled lizard (D:1)
  3 rats
47 creatures vanquished.

Notes
Turn   | Place    | Note
-------+----------+-------------------------------------------
     0 | D:1      | Gadfly the Demonspawn Monk began the quest for the Orb.
     0 | D:1      | Reached XP level 1. HP: 18/18 MP: 1/1
   329 | D:1      | Gained mutation: You are partially covered in rugged brown
                  | scales. (AC +1, +3% HP) [demonic ancestry]
   329 | D:1      | Reached XP level 2. HP: 12/24 MP: 2/2
   418 | D:1      | Reached skill level 1 in Invocations
   546 | D:1      | Reached skill level 1 in Evocations
   989 | D:2      | Reached XP level 3. HP: 29/29 MP: 3/3
  1190 | D:2      | Reached skill level 1 in Shapeshifting
  1543 | D:2      | Gained mutation: Spells you cast may paralyse adjacent
                  | enemies. [demonic ancestry]
  1543 | D:2      | Reached XP level 4. HP: 9/36 MP: 5/5
  1757 | D:2      | Found a faded altar of an unknown god.
  1994 | D:2      | Found a runed translucent door.
  1995 | D:2      | Noticed Crazy Yiuf
  2015 | D:2      | Killed from afar by Crazy Yiuf

Illustrated notes

Levels and vault maps discovered:
D:1:      roadster_arrival_rocket_large, layout_loops_ring
D:2:      layout_loops_ring, shapermc_ecumenical_altar_mp_ritualfount,
          minmay_ruptured, uniq_crazy_yiuf_cottage

Skill      XL: |  1  2  3  4 |
---------------+-------------+-----
Invocations    | 1 2 |  2.3
Evocations     | 1 |  1.8
Unarmed Combat | 3 |  3.2
Shapeshifting  | 1 |  1.4
Dodging        | 3 |  3.0
Fighting       | |  3.0

Action                     |  1- 3 |  4- 6 || total
---------------------------+-------+-------++-------
  Melee: Unarmed           |   144 |    49 ||   193
    Use: Scroll            |     1 |       ||     1
         Potion            |     2 |       ||     2
 Armour: Robe              |    85 |    17 ||   102
  Dodge: Dodged            |    96 |    26 ||   122
